 Dungeon Crawl Stone Soup version 0.26-a0-665-gefeb406119 (console) character file.

Game seed: 10995945257031582528

32 om the Chopper (level 3, -3/33 HPs)
             Began as a Minotaur Berserker on Oct 14, 2020.
             Was a Follower of Trog.
             Slain by an iguana (14 damage)
             ... on level 2 of the Dungeon.
             The game lasted 00:01:21 (1629 turns).

om the Chopper (Minotaur Berserker)                 Turns: 1629, Time: 00:01:22

Health: -3/33      AC:  2    Str: 22    XL:     3   Next: 8%
Magic:  2/2        EV: 12    Int:  4    God:    Trog [*.....]
Gold:   129        SH:  0    Dex:  9    Spells: 2/2 levels left

rFire    . . .     SeeInvis .   a - +0 hand axe
rCold    . . .     Faith    .   (no shield)
rNeg     . . .     Spirit   .   b - +0 animal skin
rPois    .         Reflect  .   (helmet restricted)
rElec    .         Harm     .   (no cloak)
rCorr    .         Rampage  .   (no gloves)
MR       .....                  (no boots)
Stlth    +.........             (no amulet)
HPRegen  0.11/turn              (no ring)
MPRegen  0.08/turn              (no ring)

@: no status effects
A: retaliatory headbutt, horns 2
a: Berserk, Renounce Religion


You were on level 2 of the Dungeon.
You worshipped Trog.
Trog was aware of your devotion.
You visited 1 branch of the dungeon, and saw 2 of its levels.

You collected 129 gold pieces.

Inventory:

Hand Weapons
 a - a +0 hand axe (weapon)
Armour
 b - a +0 animal skin (worn)
Scrolls
 c - a scroll of enchant weapon {unknown}
 e - a scroll of fog {unknown}
 i - 2 scrolls of identify {unknown}
 j - 4 scrolls of remove curse {unknown}
 l - 3 scrolls of teleportation {unknown}
Potions
 d - 2 potions of brilliance {unknown}
 f - a potion of haste {unknown}
 g - 2 potions of heal wounds {unknown}
 h - a potion of berserk rage {unknown}
 k - 2 potions of flight {unknown}
 m - 2 potions of curing {unknown}


   Skills:
 + Level 3.9 Fighting
 * Level 4.1 Axes
 * Level 3.1 Armour
 * Level 2.7 Dodging


You had 2 spell levels left.
You didn't know any spells.
Your spell library was empty.

Dungeon Overview and Level Annotations

Branches:
Dungeon (2/15)

Altars:


Innate Abilities, Weirdness & Mutations

You reflexively headbutt those who attack you in melee.
You have a pair of horns on your head.


Message History

k - 2 sedimented puce potions (gained 1)
You see here a buckler.
There is a stone staircase leading down here.
You now have 129 gold pieces (gained 10).
An iguana comes into view.
An iguana is nearby!
You see here a leather armour.
The iguana hisses angrily.
You hit the iguana but do no damage. The iguana bites you.
The iguana closely misses you.
You barely miss the iguana. The iguana bites you!
You hit the iguana but do no damage. You headbutt the iguana!
The iguana is heavily wounded.
The iguana closely misses you.
You hit the iguana but do no damage. Your headbutt misses the iguana.
The iguana is heavily wounded.
The iguana bites you!
You closely miss the iguana. You headbutt the iguana!
The iguana is almost dead.
The iguana bites you!
You die...

##(....##..##......#.
###...###..##....... #
#..## #.......>.. ###..#
#.###.#...###.. .....#
#รท# #.#...... ###.##
#)# #.#...# # #.#
#.###.#.[.###... #
#.#####.#............#
###.........#.##.#####.#
..............##.#####.#
.########.######@......#
.# #<# #l.###### .# #.#
#..# .## #.# #... ..#
#.# ##### ..#######.#
..........# ..........#
#########.# #.# #.# #.#
#.# #####.# ##


You could see an iguana.

Vanquished Creatures
  A worm (D:2)
  A dart slug (D:2)
  A leopard gecko (D:1)
  3 goblins
  4 hobgoblins
  2 jackals (D:1)
  A kobold (D:1)
  A ball python (D:1)
  2 bats (D:1)
  6 frilled lizards
  5 rats
27 creatures vanquished.

Notes
Turn   | Place    | Note
-------+----------+-------------------------------------------
     0 | D:1      | om the Minotaur Berserker began the quest for the Orb.
     0 | D:1      | Reached XP level 1. HP: 19/19 MP: 0/0
   244 | D:1      | Reached XP level 2. HP: 26/27 MP: 1/1
   458 | D:1      | Reached skill level 4 in Axes
  1220 | D:2      | Reached XP level 3. HP: 20/33 MP: 2/2
  1629 | D:2      | Slain by an iguana

Illustrated notes

Levels and vault maps discovered:
D:1:      minmay_arrival_cross, layout_rooms, minmay_misc_feat_hallway
D:2:      layout_loops_ring

Skill      XL: |  1  2 |
---------------+-------+-----
Axes           | 4 |  4.1
Armour         | 3 |  3.1
Fighting       | |  3.9
Dodging        | |  2.7

Action                   || total
-------------------------++-------
Melee: Hand axe          ||    62
       Headbutt          ||    10
Armor: Animal skin       ||     9
Dodge: Dodged            ||    50

Table legend: (Time is in decaauts)
 A = Elapsed time spent in this place.
 B = Non-inter-level travel time spent in this place.
 C = Inter-level travel time spent in this place.
 D = Time resting spent in this place.
 E = Time spent auto-exploring this place.
 F = Levels seen in this place.
 G = Mean time per level.
                   A        B        C        D        E       F      G
               +--------+--------+--------+--------+--------+-----+--------+
         Total |   1635 |   1611 |     24 |    612 |    790 |   2 |  817.5 |
       Dungeon |   1635 |   1611 |     24 |    612 |    790 |   2 |  817.5 |
               +--------+--------+--------+--------+--------+-----+--------+

Top non-repeatable levels by time:
     D:2: 929 daAuts
     D:1: 705 daAuts
